 Dungeon Crawl Stone Soup version 0.27-a0-1416-g941b2bd30b (webtiles) character file.

Game seed: 418984621451553409

1318 pokeman the Thaumaturge (level 8, -14/44 HPs)
             Began as a Deep Elf Hedge Wizard on July 1, 2021.
             Was an Initiate of Vehumet.
             Killed from afar by a steam dragon (22 damage)
             ... with a ball of steam
             ... on level 7 of the Dungeon.
             The game lasted 00:15:51 (8772 turns).

pokeman the Thaumaturge (Deep Elf Hedge Wizard)     Turns: 8772, Time: 00:15:53

Health: -14/44     AC:  4    Str:  7    XL:     8   Next: 33%
Magic:  15/41      EV: 12    Int: 22    God:    Vehumet [......]
Gold:   362        SH:  0    Dex: 14    Spells: 5/25 levels left

rFire    . . .     SeeInvis .   C - +3 flail
rCold    . . .     Faith    .   (no shield)
rNeg     . . .     Spirit   .   r - +0 leather armour "Paeleur" {MP+9}
rPois    .         Reflect  .   k - +0 helmet
rElec    .         Harm     .   (no cloak)
rCorr    .         Rampage  .   (no gloves)
Will     .....                  (no boots)
Stlth    ++........             p - amulet of the acrobat
HPRegen  0.14/turn              q - ring of magical power
MPRegen  0.27/turn              (no ring)

@: very slightly contaminated
A: no striking features
a: Renounce Religion


You were on level 7 of the Dungeon.
You worshipped Vehumet.
Vehumet was noncommittal.
You visited 2 branches of the dungeon, and saw 8 of its levels.

You collected 362 gold pieces.

Inventory:

Hand Weapons
 C - a +3 flail (weapon)
Missiles
 j - 112 poisoned darts (quivered)
 D - 13 arrows
Armour
 k - a +0 helmet (worn)
 r - the +0 leather armour "Paeleur" (worn) {MP+9}
   (You found it on level 4 of the Dungeon)

   MP:        It affects your magic capacity (+9).
 E - a +0 buckler
Jewellery
 p - an amulet of the acrobat (around neck)
 q - a ring of magical power (left hand)
 y - a ring of ice
Wands
 b - a wand of mindburst (14)
 l - a wand of flame (53)
Scrolls
 a - a scroll of enchant armour {unknown}
 c - a scroll of silence {unknown}
 d - 4 scrolls of identify {unknown}
 e - 2 scrolls of magic mapping {unknown}
 f - a scroll of noise {unknown}
 g - 2 scrolls of immolation {unknown}
 i - 2 scrolls of amnesia {unknown}
 n - a scroll of vulnerability {unknown}
 w - a scroll of summoning {unknown}
 x - 3 scrolls of fear {unknown}
 B - a scroll of teleportation {unknown}
Potions
 h - 2 potions of might {unknown}
 m - a potion of curing {unknown}
 o - 3 potions of heal wounds {unknown}
 s - a potion of berserk rage {unknown}
 t - a potion of ambrosia {unknown}
 u - a potion of mutation {unknown}
 v - a potion of haste {unknown}
 z - 2 potions of lignification {unknown}
 A - a potion of brilliance {unknown}


   Skills:
 - Level 2.0 Fighting
 + Level 2.2 Armour
 - Level 3.0 Dodging
 - Level 3.0 Stealth
 * Level 9.4 Spellcasting
 + Level 4.9 Conjurations
 - Level 1.1 Summonings
 - Level 1.1 Translocations
 - Level 1.0 Transmutations
 + Level 3.4 Fire Magic
 - Level 1.1 Air Magic
 - Level 1.0 Earth Magic
 - Level 1.0 Poison Magic
 - Level 1.2 Evocations


You had 5 spell levels left.
You knew the following spells:

 Your Spells              Type           Power      Damage    Failure   Level
a - Magic Dart            Conj           100%       1d8       1%          1
b - Mephitic Cloud        Conj/Pois/Air  20%        N/A       11%         3
c - Call Imp              Summ           15%        N/A       9%          2
d - Blink                 Tloc           N/A        N/A       9%          2
e - Conjure Flame         Conj/Fire      28%        6-21      4%          3
f - Bolt of Magma         Conj/Fire/Erth 12%        4d8       58%         5
g - Wereblood             Tmut           14%        N/A       10%         2
h - Passwall              Tmut/Erth      11%        N/A       10%         2

Your spell library contained the following spells:

 Spells                   Type           Power      Damage    Failure   Level
 Apportation              Tloc           30%        N/A       6%          1
 Sandblast                Erth           28%        2d8       6%          1
 Animate Skeleton         Necr           20%        N/A       10%         1
 Pain                     Necr           40%        1d6       10%         1
 Dazzling Flash           Conj/Hex       42%        N/A       11%         3
 Slow                     Hex            10%        N/A       14%         2
 Sublimation of Blood     Necr           5%         N/A       14%         2
 Ignite Poison            Fire/Tmut/Pois 18%        N/A       14%         3
 Iskenderun's Mystic Bla  Conj/Tloc      23%        2d6       26%         4
 Animate Dead             Necr           5%         N/A       67%         4
 Alistair's Intoxication  Tmut/Pois      9%         N/A       86%         5
 Lee's Rapid Deconstruct  Erth           7%         3d7*      86%         5
 Starburst                Conj/Fire      14%        8x6d6     95%         6
 Invisibility             Hex            5%         N/A       100%        6
 Summon Hydra             Summ           7%         N/A       100%        7
 Maxwell's Capacitive Co  Air            7%         ∞         100%        8


Dungeon Overview and Level Annotations

Branches:
Dungeon (7/15)             Temple (1/1) D:6

Altars:
Ashenzari
Cheibriados
Dithmenos
Elyvilon
Gozag
Hepliaklqana
Kikubaaqudgha
Makhleb
Nemelex Xobeh
Okawaru
Qazlal
Ru
Trog
Uskayaw
Vehumet
The Shining One


Message History

The stone hits the bullfrog.
Your crimson imp hits the orc warrior.
Casting: Call Imp (safe; 9% risk of failure)
Confirm with . or Enter, or press ? or * to list all spells.
Aiming: Mephitic Cloud (dangerous; 11% risk of failure)
Press: ? - help, Shift-Dir - straight line, f - bullfrog
Aim: a bullfrog (heavily wounded, chance to affect: 81%)
The ball explodes into a vile cloud!
The stinking cloud engulfs the bullfrog but does no damage.
The bullfrog is heavily wounded.
You hear a shout! x3
The bullfrog is engulfed in noxious fumes.
The bullfrog appears confused.
The orc warrior hits your crimson imp with a +0 trident!
The bullfrog is engulfed in noxious fumes.
The bullfrog appears confused.
The bullfrog hits you.
* * * LOW HITPOINT WARNING * * *
Your crimson imp blinks!
Unknown command.
Unknown command.
You hit the bullfrog.
The bullfrog is severely wounded.
The bullfrog is engulfed in noxious fumes.
The bullfrog appears confused.
The bullfrog closely misses you.
The steam dragon is engulfed in blazing flames.
The bullfrog is engulfed in noxious fumes.
The bullfrog appears confused.
The bullfrog hits you.
* * * LOW HITPOINT WARNING * * *
Unknown command.
A lemure comes into view.
The bullfrog is engulfed in noxious fumes.
The bullfrog appears confused.
The steam dragon is engulfed in noxious fumes.
Casting: Mephitic Cloud (dangerous; 11% risk of failure)
Confirm with . or Enter, or press ? or * to list all spells.
A shadowy apparition takes form in the air.
The steam dragon is engulfed in noxious fumes.
The steam dragon breathes steam at you. The ball of steam hits you!!
Ouch! That really hurt!
You die...

#...!..<...o.†.)#
#........(.o...h#
#.!:..........5o# ..
#######.......#°###....
#.......#§..'....
######+##F###....
#..○D.<# #+# ####§###.#
#@....# #(..#.# #..5#
#...# #...# #....
#..5.. #.....# ##....#


You could see a steam dragon (catching breath, ally target), an orc warrior, a
black bear (confused), a lemure, a bullfrog (confused, ally target), a friendly
crimson imp (summoned) and a friendly shadow imp (summoned).

Vanquished Creatures
  Eustachio (D:4)
  A phantom (D:6)
  A wyvern zombie (D:7)
  A water moccasin zombie (D:6)
  A wyvern skeleton (D:6)
  3 wights (D:6)
  A howler monkey (D:5)
  A bullfrog skeleton (D:7)
  A bullfrog zombie (D:6)
  A centaur zombie (D:4)
  A centaur skeleton (D:6)
  2 hounds
  3 jellies
  5 orc wizards
  3 iguanas
  A killer bee zombie (D:6)
  2 hound skeletons (D:4)
  4 gnolls
  4 adders
  A shadow imp (D:6)
  2 ufetubi (D:5)
  2 adder skeletons (D:4)
  A worm (D:2)
  A dart slug (D:1)
  11 orcs
  8 ball pythons
  5 bats
  8 endoplasms
  4 giant cockroaches
  15 goblins
  9 hobgoblins
  7 jackals (D:2)
  5 quokkas
  2 frilled lizards (D:1)
  14 kobolds
  2 rats (D:2)
134 creatures vanquished.

Vanquished Creatures (collateral kills)
  A kobold brigand (D:5)
  Robin (D:2)
  A jackal (D:2)
3 creatures vanquished.

Vanquished Creatures (others)
  Jessica (D:2)
  A bat (D:2)
  A hobgoblin (D:2)
3 creatures vanquished.

Grand Total: 140 creatures vanquished

Notes
Turn   | Place    | Note
-------+----------+-------------------------------------------
     0 | D:1      | pokeman the Deep Elf Hedge Wizard began the quest for the
                  | Orb.
     0 | D:1      | Reached XP level 1. HP: 10/10 MP: 7/7
   166 | D:1      | Reached XP level 2. HP: 3/16 MP: 0/9
   740 | D:1      | Found a faded altar of an unknown god.
   885 | D:1      | Reached skill level 5 in Spellcasting
   885 | D:1      | Reached XP level 3. HP: 8/20 MP: 1/11
   916 | D:1      | Learned a level 3 spell: Mephitic Cloud
   919 | D:1      | Learned a level 2 spell: Call Imp
   922 | D:1      | Learned a level 2 spell: Blink
   926 | D:1      | Learned a level 3 spell: Conjure Flame
  1563 | D:2      | Noticed Robin
  1563 | D:2      | Noticed Jessica
  1850 | D:2      | Reached skill level 1 in Fighting
  1853 | D:2      | Reached skill level 1 in Armour
  2063 | D:2      | Killed Jessica
  2136 | D:2      | Reached XP level 4. HP: 20/25 MP: 5/13
  2184 | D:2      | Killed Robin
  3525 | D:3      | Reached skill level 1 in Fire Magic
  3640 | D:3      | Reached skill level 6 in Spellcasting
  3776 | D:3      | Reached XP level 5. HP: 29/29 MP: 9/15
  3861 | D:3      | Found a faded altar of an unknown god.
  3906 | D:3      | Found a hazy altar of Hepliaklqana.
  4224 | D:4      | Reached skill level 1 in Air Magic
  4513 | D:4      | Reached XP level 6. HP: 30/34 MP: 14/17
  4574 | D:4      | Reached skill level 1 in Poison Magic
  4900 | D:4      | Identified the +0 leather armour "Paeleur" {MP+9}
  5057 | D:4      | Noticed Eustachio
  5068 | D:4      | Killed Eustachio
  5069 | D:4      | Reached skill level 7 in Spellcasting
  5069 | D:4      | Reached skill level 1 in Evocations
  5266 | D:4      | Learned a level 5 spell: Bolt of Magma
  5296 | D:4      | Learned a level 2 spell: Wereblood
  5517 | D:5      | Entered Level 5 of the Dungeon
  5548 | D:5      | Reached XP level 7. HP: 14/38 MP: 9/19
  6274 | D:5      | Reached skill level 1 in Transmutations
  6274 | D:5      | Reached skill level 1 in Earth Magic
  6606 | D:5      | Learned a level 2 spell: Passwall
  7039 | D:6      | Reached skill level 8 in Spellcasting
  7864 | D:6      | Reached XP level 8. HP: 44/44 MP: 22/22
  7963 | D:6      | Reached skill level 9 in Spellcasting
  8287 | D:6      | Found a staircase to the Ecumenical Temple.
  8295 | Temple   | Entered the Ecumenical Temple
  8378 | Temple   | Became a worshipper of Vehumet
  8772 | D:7      | Killed from afar by a steam dragon

Illustrated notes

Levels and vault maps discovered:
D:1:      heliophobic_arrival_henge, layout_loops_ring,
          hellmonk_ecumenical_altar_run_dry, st_stairs_10
D:2:      layout_rooms, lemuel_old_faithful, uniq_robin, uniq_jessica
D:3:      layout_loops_ring, beargit_hepliaklqana_dungeon_heroes
D:4:      layout_gridville, hangedman_decor_growths, uniq_eustachio
D:5:      layout_basic
D:6:      layout_basic, minmay_temple_entry_hall
D:7:      layout_basic, serial_shops, shop, uniq_pikel
Temple:   nicolae_temple_elliptical

Skill      XL: |  1  2  3  4  5  6  7  8 |
---------------+-------------------------+-----
Spellcasting   | 5 6 7 8 9 |  9.4
Conjurations   | 2 3 4 |  4.9
Fighting       | 1 2 |  2.0
Armour         | 1 2 |  2.2
Fire Magic     | 1 2 3 |  3.4
Dodging        | 3 |  3.0
Air Magic      | 1 |  1.1
Stealth        | 3 |  3.0
Poison Magic   | 1 |  1.0
Evocations     | 1 |  1.2
Transmutations | 1 |  1.0
Earth Magic    | 1 |  1.0
Summonings     | |  1.1
Translocations | |  1.1

Action                   |  1- 3 |  4- 6 |  7- 9 || total
-------------------------+-------+-------+-------++-------
Melee: Dagger            |     6 |    15 |    13 ||    34
       Flail             |       |       |     6 ||     6
Throw: Dart              |     6 |    13 |       ||    19
 Cast: Magic Dart        |   107 |   136 |   122 ||   365
       Mephitic Cloud    |       |     5 |     9 ||    14
       Call Imp          |       |     3 |     5 ||     8
       Conjure Flame     |       |     4 |    13 ||    17
       Blink             |       |     3 |     3 ||     6
 Stab: Confused          |       |     1 |     1 ||     2
Armor: Robe              |     6 |     7 |       ||    13
       Leather armour    |       |     6 |    13 ||    19
Dodge: Dodged            |    14 |    38 |    57 ||   109

Table legend: (Time is in decaauts)
 A = Elapsed time spent in this place.
 B = Non-inter-level travel time spent in this place.
 C = Inter-level travel time spent in this place.
 D = Time resting spent in this place.
 E = Time spent auto-exploring this place.
 F = Levels seen in this place.
 G = Mean time per level.
                   A        B        C        D        E       F      G
               +--------+--------+--------+--------+--------+-----+--------+
         Total |   8777 |   8460 |    317 |    650 |   6759 |   8 | 1097.1 |
       Dungeon |   8677 |   8376 |    301 |    650 |   6683 |   7 | 1239.6 |
        Temple |    100 |     84 |     16 |      0 |     76 |   1 |  100.0 |
               +--------+--------+--------+--------+--------+-----+--------+

Top non-repeatable levels by time:
     D:5: 1778 daAuts
     D:1: 1686 daAuts
     D:4: 1487 daAuts
     D:2: 1391 daAuts
     D:6: 1219 daAuts
     D:3: 953 daAuts
     D:7: 161 daAuts
  Temple: 100 daAuts
